 Dungeon Crawl Stone Soup version 0.29.1-12-g30fa7ad0bf (webtiles) character file.

Game seed: 8759810745521100997

0 112233 the Vexing (level 1, 0/7 HPs)
             Began as a Felid Enchanter on Dec 22, 2022.
             Slain by a hobgoblin (1 damage)
             ... on level 1 of the Dungeon.
             The game lasted 00:00:33 (157 turns).

112233 the Vexing (Felid Enchanter)                  Turns: 157, Time: 00:00:33

Health: 0/7        AC:  1    Str:  4    XL:     1   Next: 8%
Magic:  4/4        EV: 17    Int: 16    God:
Gold:   0          SH:  0    Dex: 16    Spells: 4/4 levels left
                                        Lives:  0   Deaths: 0

rFire   . . .      SeeInvis +     - Unarmed
rCold   . . .      Faith    .   (shield unavailable)
rNeg    . . .      Spirit   .   (body armour unavailable)
rPois   .          Reflect  .   (helmet unavailable)
rElec   .          Harm     .   (cloak unavailable)
rCorr   .          Rampage  .   (gloves unavailable)
Will    .....                   (boots unavailable)
Stlth   +++.......              (no amulet)
HPRegen 0.02/turn               (no ring)
MPRegen 0.09/turn               (no ring)

@: quick
A: very small, claws 1, fangs 3, see invisible, speed 1, shaggy fur 1, stealthy
paws, no weapons or thrown items, no armour, multi-lived
a: no special abilities


You were on level 1 of the Dungeon.
You visited 1 branch of the dungeon, and saw 1 of its levels.

Inventory:

Scrolls
 b - a scroll of butterflies {unknown}
Potions
 a - 2 potions of invisibility


   Skills:
 + Level 0.0 Fighting
 + Level 2.7 Dodging
 - Level 4.0 Stealth
 - Level 1.0 Unarmed Combat
 - Level 2.0 Spellcasting
 + Level 4.4 Hexes


You had 4 spell levels left.
You didn't know any spells.
Your spell library contained the following spells:

 Spells                   Type           Power      Damage    Failure   Level
 Confusing Touch          Hex            15%        N/A       10%         3
 Tukima's Dance           Hex            15%        N/A       10%         3
 Ensorcelled Hibernation  Hex/Ice        16%        N/A       13%         2
 Dazzling Flash           Conj/Hex       16%        N/A       26%         3


Dungeon Overview and Level Annotations

Branches:
Dungeon (1/15)

Altars:


Innate Abilities, Weirdness & Mutations

You have sharp claws.
You have razor-sharp teeth.
You have supernaturally acute eyesight. (SInv)
You cover ground quickly. (Speed+)
You are covered in fur. (AC +1)
Your paws help you pounce on unaware monsters.
You are incapable of wielding weapons or throwing items.
You cannot wear armour.
You gain extra lives every three experience levels.


Message History

Unknown command.
A jackal comes into view.
A kobold comes into view. It is wielding a +0 whip.
You don't know any spells.
A bat comes into view.
Found a scroll labelled ICIAGO JALOO.
The bat closely misses you. The bat misses you. The bat closely misses you. x2
The bat completely misses you. The bat attacks as you move away!
The bat hits you but does no damage. x2
The bat attacks as you move away! The bat closely misses you.
The bat barely misses you. The bat attacks as you move away!
The bat barely misses you. The bat completely misses you.
The bat attacks as you move away! The bat closely misses you. x2
You scratch the bat.
The bat is severely wounded.
The bat hits you but does no damage.
A bat comes into view.
You pounce on the unaware helpless bat!
You claw the bat!
You kill the bat!
Found a scroll labelled BOADUTHR ANNUGG.
b - a scroll labelled BOADUTHR ANNUGG
There are no items here.
A bat comes into view.
A rat comes into view.
Found a scroll labelled SUD PAYTETHRO.
You start resting.
A hobgoblin is nearby!
A hobgoblin is nearby!
A hobgoblin is nearby!
You scratch the hobgoblin but do no damage.
The hobgoblin hits you.
* * * LOW HITPOINT WARNING * * *
You are too injured to fight recklessly!
You are too injured to fight recklessly!
You scratch the hobgoblin but do no damage.
The hobgoblin hits you.
You die...

....................
#...................
#..... .............
#....# ..#####g.....
#.##.... .. #.......
#......# #.##.b..
#.# #####.#..... #.#
...#.......
#@#.#####.####.#.K
#g#..........g...#
#.#####.#.#####...
#.......#.# #..#
#######.#.# #...
#.#.# #.## #.#.#
#... #.#b# ####
#r..#


You could see a hobgoblin.

Vanquished Creatures
  A bat (D:1)
1 creature vanquished.

Notes
Turn   | Place    | Note
-------+----------+-------------------------------------------
     0 | D:1      | 112233 the Felid Enchanter began the quest for the Orb.
     0 | D:1      | Reached XP level 1. HP: 7/7 MP: 4/4
   157 | D:1      | Slain by a hobgoblin

Illustrated notes

Levels and vault maps discovered:
D:1:      matt_arrival_spirals, layout_basic,
          hellmonk_ecumenical_altar_inner_sanctum, serial_bayou_pond_c

Action                   || total
-------------------------++-------
Melee: Unarmed           ||     6
 Stab: Sleeping          ||     1
Armor: Skin              ||     3
Dodge: Dodged            ||    12
